AoeStats
← Battousai_Mc

Pilgrims

507179691Analyzed
4v4 RM · 16d ago on Sep 17, 2026· 37m 4s· 8 players
Game mode
Random Map
Map size
Large (8 player)
Population
200
Speed
Normal
Resources
Standard
Victory
Conquest
Starting age
Dark Age
Ending age
Imperial Age
RankedLock teamsTeams togetherTeam positionsShared explorationLock speedFull tech treeHidden civsTurbo modeCheats
Victory
Defeat
🇺🇸 Bohemians · United States
990
+16
🇨🇴 Turks · Colombia
987
+16
🇺🇸 Romans · United States
980
+16
🇹🇷 Saracens · Türkiye
962
+17
🇺🇸 Wu · United States
1010
-18
🇮🇳 Khmer · India
1001
-17
🇦🇺 Vikings · Australia
995
-17
🇨🇱 Mapuche · Chile
914
-13
CAS MBAG
12:41 Feudal Age
13:26 Loom
17:42 Castle Age
20:22 Double-Bit Axe
21:30 Bow Saw
27:08 Imperial Age
31:00 Ballistics
34:27 Chemistry
Darth MBAG
6:56 Loom
10:28 Feudal Age
15:57 Castle Age
14:05 Double-Bit Axe
14:34 Horse Collar
14:48 Fishing Lines
16:56 Town Watch
18:15 Wheelbarrow
25:21 Forging
27:33 Scale Mail Armor
28:09 Iron Casting
28:02 Squires
30:29 Hand Cart
29:54 Pikeman
30:20 Arson
35:30 Ballistics
35:21 Masonry
34:52 Treadmill Crane
CoskunKaya
3:12 Loom
15:04 Feudal Age
16:20 Double-Bit Axe
20:15 Castle Age
18:26 Horse Collar
18:40 Gold Mining
18:41 Stone Mining
20:10 Wheelbarrow
24:39 Bow Saw
Weich94
14:08 Feudal Age
18:08 Castle Age
22:40 Imperial Age
21:48 Loom
Brawling Toaster
7:53 Loom
11:03 Feudal Age
12:20 Wheelbarrow
11:35 Double-Bit Axe
11:47 Fishing Lines
12:22 Gold Mining
12:43 Stone Mining
12:51 Horse Collar
14:03 Town Watch
15:10 Fletching
15:33 Forging
15:28 Scale Barding Armor
17:47 Castle Age
18:11 Scale Barding Armor
18:16 Forging
18:37 Medium Warships
18:20 Gillnets
18:42 Fletching
19:09 Bow Saw
19:36 Hand Cart
20:22 Bodkin Arrow
22:50 Padded Archer Armor
26:45 Gold Shaft Mining
26:12 Heavy Plow
26:53 Stone Shaft Mining
26:25 Treadmill Crane
27:06 Ballistics
29:43 Murder Holes
30:05 Leather Archer Armor
29:52 Squires
29:39 Arson
29:57 Scale Mail Armor
Battousai_Mc
13:33 Feudal Age
11:49 Loom
14:45 Double-Bit Axe
21:25 Castle Age
21:30 Horse Collar
21:43 Gold Mining
21:41 Fishing Lines
24:34 Ballistics
24:32 Fletching
27:48 Gold Shaft Mining
27:27 Bow Saw
29:33 Gold Shaft Mining
28:49 Stone Mining
32:26 Padded Archer Armor
Konig
6:09 Loom
12:06 Feudal Age
18:49 Castle Age
17:04 Horse Collar
17:12 Double-Bit Axe
18:42 Stone Mining
20:02 Town Watch
20:41 Bow Saw
25:04 Heavy Plow
27:51 Chieftains
28:28 Scale Mail Armor
31:01 Forging
33:38 Imperial Age
32:50 Iron Casting
32:32 Chain Mail Armor
35:45 Imperial Age
33:34 Fletching
37:09 Conscription
Arham
4:44 Loom
14:54 Feudal Age
20:40 Castle Age
25:03 Gold Mining
Connection lost

Rejoining the realm…

Still unreachable

The connection could not be restored.

Session expired

The server has moved on; the page needs a fresh start.